 Dungeon Crawl Stone Soup version 0.31.0-12-g77e489cdc1 (webtiles) character file.

Game seed: 9889315523755851366

74 Peloso the Covered (level 4, -2/40 HPs)
             Began as a Minotaur Fighter on Feb 24, 2024.
             Killed by nerve-wracking pain
             ... invoked by Grinder
              (7 damage)
             ... on level 3 of the Dungeon.
             The game lasted 00:03:17 (2350 turns).

Peloso the Covered (Minotaur Fighter)               Turns: 2350, Time: 00:03:18

Health: -2/40      AC:  9    Str: 19 (21) XL:     4   Next: 10%
Magic:  3/3        EV:  7    Int:  4 (5)  God:
Gold:   101        SH:  4    Dex:  9 (11) Spells: 3/3 levels left

rFire   . . .        a - +0 long sword
rCold   . . .        d - +0 buckler
rNeg    . . .        c - +0 chain mail
rPois   .            (helmet restricted)
rElec   .            (no cloak)
rCorr   +            (no gloves)
SInv    .            (no boots)
Will    .....        (no amulet) Stlth
                     k - ring of resist corrosion
HPRegen 0.26/turn    (no ring)
MPRegen 0.08/turn

%: no passive effects
@: no status effects
A: horns 2, retaliatory headbutt
a: no special abilities


You were on level 3 of the Dungeon.
You visited 1 branch of the dungeon, and saw 3 of its levels.

You collected 101 gold pieces.

Inventory:

Hand Weapons
 a - a +0 long sword (weapon)
Armour
 b - a +0 scale mail
 c - a +0 chain mail (worn)
 d - a +0 buckler (worn)
Jewellery
 k - a ring of resist corrosion (left hand)
 m - a ring of magical power
Scrolls
 f - 3 scrolls of blinking {unknown}
 i - a scroll of brand weapon {unknown}
 j - a scroll of teleportation {unknown}
 o - 3 scrolls of identify {unknown}
Potions
 e - 2 potions of curing {unknown}
 g - a potion of brilliance {unknown}
 l - a potion of lignification
 n - a potion of might
 p - a potion of heal wounds {unknown}


   Skills:
 + Level 4.2 Fighting
 + Level 3.3 Long Blades
 + Level 4.7 Armour
 + Level 0.5 Dodging
 + Level 4.0 Shields


You had 3 spell levels left.
You didn't know any spells.
Your spell library was empty.

Dungeon Overview and Level Annotations

Branches:
Dungeon (3/15)

Altars:
Wu Jian

Shops:
D:1 !   D:2 !   D:3 (!

Annotations:
D:3 Grinder


Innate Abilities, Weirdness & Mutations

You have a pair of horns on your head.
You reflexively headbutt those who attack you in melee.


Message History

You kill the bat!
Found a helmet.
A goblin comes into view. It is wielding a +0 dagger.
The goblin shouts!
You hear a shout!
Grinder comes into view.
The goblin unwields a +0 dagger.
The goblin wields a +0 sling.
The goblin shoots a sling bullet.
The sling bullet closely misses you.
There are monsters nearby!
There are monsters nearby!
There are monsters nearby!
The goblin shoots a sling bullet.
The sling bullet hits you but does no damage.
Grinder hits you but does no damage.
The goblin unwields a +0 sling.
The goblin wields a +0 dagger.
The goblin hits you but does no damage.
You hit the goblin. Your headbutt misses the goblin.
The goblin is moderately wounded.
Grinder barely misses you. The goblin hits you with a +0 dagger.
Grinder hits you.
You writhe in agony.
You barely miss the goblin. Your headbutt misses the goblin.
The goblin is moderately wounded.
The goblin hits you but does no damage. Grinder hits you.
You writhe in agony.
You closely miss the goblin.
The goblin is moderately wounded.
The goblin hits you but does no damage. Grinder hits you.
You writhe in agony.
* * * LOW HITPOINT WARNING * * *
The goblin hits you but does no damage.
You barely miss the goblin.
The goblin is moderately wounded.
Grinder gestures at you. Pain shoots through your body!
* * * LOW HITPOINT WARNING * * *
The goblin hits you but does no damage.
Unknown command.
You closely miss the goblin. You headbutt the goblin.
You kill the goblin!
Grinder hits you but does no damage. Grinder gestures at you.
Pain shoots through your body!
You die...
Grinder says, "Now the real fun starts!"

#......####
######..####..###.
.).......##.# ##...##
#....... ......##....##
###..### #.####..
...........>..##...## #.#
##. ......#..........###
#.# #. ................##
#.# ## ........).......###
### ###
..................# #..
###.##.........)@.# .....
#.# .........5#.# ##.##
#.###.........### .....
#.##.8........# ... ##
#.##........... .. ..
###..8.∩<8......# ##
....................###
....†..8..............###
..........................


You could see Grinder.

Vanquished Creatures
  A bombardier beetle (D:3)
  A dart slug (D:2)
  An orc (D:3)
  3 endoplasms
  3 giant cockroaches
  5 goblins
  3 hobgoblins
  2 quokkas
  4 ball pythons (D:1)
  7 bats
  3 frilled lizards
  4 kobolds (D:1)
  2 rats
39 creatures vanquished.

Notes
Turn   | Place    | Note
-------+----------+-------------------------------------------
     0 | D:1      | Peloso the Minotaur Fighter began the quest for the Orb.
     0 | D:1      | Reached XP level 1. HP: 19/19 MP: 0/0
   190 | D:1      | Found Neiq Gueff's Distillery.
   381 | D:1      | Reached XP level 2. HP: 27/27 MP: 1/1
  1179 | D:2      | Found an ornate altar of the Wu Jian Council.
  1331 | D:2      | Found Nec Efoudu's Distillery.
  1640 | D:2      | Reached XP level 3. HP: 33/33 MP: 2/2
  2123 | D:3      | Found Niym's Distillery.
  2125 | D:3      | Found Fuklop's Antique Weapon Shoppe.
  2130 | D:3      | Reached XP level 4. HP: 38/40 MP: 3/3
  2337 | D:3      | Noticed Grinder
  2350 | D:3      | Killed from afar by Grinder

Illustrated notes

Levels and vault maps discovered:
D:1:      evilmike_arrival_rings, layout_loops_ring, serial_forest,
          infiniplex_forest_lined_room_2, infiniplex_forest_lined_1,
          infiniplex_forest_zigzag_1, infiniplex_forest_end_3,
          infiniplex_forest_clump_small, infiniplex_forest_lined_3,
          infiniplex_forest_end_2, infiniplex_forest_lined_2, serial_shops, shop
D:2:      layout_loops_ring, serial_shops, nicolae_shop_tiny_glass, basic_altar
D:3:      layout_rooms, zin_scriptorium, serial_shops, nicolae_shop_waterfront,
          nicolae_shop_statue_plus, uniq_grinder

Skill      XL: |  1  2  3  4 |
---------------+-------------+-----
Armour         | 4 |  4.7
Fighting       | 4 |  4.2
Long Blades    | 3 |  3.3
Shields        | 4 |  4.0
Dodging        | |  0.5

Action                     |  1- 3 |  4- 6 || total
---------------------------+-------+-------++-------
  Melee: Long sword        |    77 |    13 ||    90
         Headbutt          |     8 |     2 ||    10
    Use: Potion            |     3 |       ||     3
         Scroll            |     3 |       ||     3
 Armour: Scale mail        |    48 |       ||    48
         Chain mail        |    13 |    20 ||    33
  Dodge: Dodged            |    46 |     7 ||    53
  Block: Buckler           |    17 |     3 ||    20
